 Dungeon Crawl Stone Soup version 0.18-a0-425-ge088ad1 (webtiles) character file.

21119 George the Carver (level 13, -2/103 HPs)
             Began as a Formicid Fighter on Nov 30, 2015.
             Was the Champion of Makhleb.
             Slain by a minotaur
             ... wielding a +2 demon blade of electrocution
              (33 damage)
             ... in a labyrinth.
             The game lasted 00:40:46 (15191 turns).

George the Carver (Formicid Fighter)               Turns: 15191, Time: 00:40:46

Health: -2/103     AC: 18    Str: 24    XL:     13   Next: 17%
Magic:  20/20      EV:  7    Int:  9    God:    Makhleb [******]
Gold:   1173       SH: 13    Dex: 13    Spells: 0 memorised, 12 levels left

rFire  . . .     SeeInvis +     p - +1 great sword (slice)
rCold  . . .     Clarity  .     Y - +0 plate armour
rNeg   . . .     SustAt   .     c - +1 shield
rPois  +         Gourm    .     (helmet unavailable)
rElec  .         Spirit   .     K - +0 cloak
rCorr  .         Dsmss    .     z - +0 pair of gloves
rMut   .         Stasis   +     g - +0 pair of boots (curse)
MR     ++...                    y - amulet of regeneration
Stlth  ..........               E - ring of protection from magic
                                T - ring of poison resistance

@: very resistant to hostile enchantments, extremely unstealthy
A: permanent stasis, dig shafts and tunnels, four strong arms, antennae 3, thin
skeletal structure 1
a: Dig, Shaft Self, Minor Destruction, Lesser Servant of Makhleb, Major
Destruction, Greater Servant of Makhleb, Renounce Religion


You were in a labyrinth.
You worshipped Makhleb.
Makhleb was exalted by your worship.
You were hungry.

You visited 3 branches of the dungeon, and saw 16 of its levels.
You also visited: Labyrinth and Ossuary.

You collected 1173 gold pieces.

Inventory:

Hand Weapons
 p - a +1 great sword of slicing (weapon)
 w - the +8 rapier "Xiakex" {pierce, rPois Dex+3}
   (You found it on level 12 of the Dungeon)

   It inflicts extra damage upon your enemies.
   It affects your dexterity (+3).
   It protects you from poison.
Armour
 c - a +1 shield (worn)
 g - a cursed +0 pair of boots (worn)
 u - a +0 large shield
 z - a +0 pair of gloves (worn)
 K - a +0 cloak (worn)
 Y - a +0 plate armour (worn)
Jewellery
 n - the brooch of Shielding {AC+4 EV+4}
   (You found it on level 1 of the Lair of Beasts)

   [amulet of nothing]

   It affects your AC (+4).
   It affects your evasion (+4).
 t - an uncursed ring of positive energy
 y - an amulet of regeneration (around neck)
 E - a ring of protection from magic (right hand)
 M - an uncursed amulet of the gourmand
 N - an uncursed ring of fire
 T - a ring of poison resistance (left hand)
Wands
 h - a wand of invisibility (6)
 m - a wand of fireball (9)
 q - a wand of flame (19)
 B - a wand of slowing (21)
 H - a wand of slowing (7)
 J - a wand of teleportation (3)
 L - a wand of lightning (7)
Scrolls
 f - 4 scrolls of remove curse
 i - a scroll of identify
 j - a scroll of summoning
 k - a scroll of amnesia
 l - 2 scrolls of enchant armour
 r - 2 scrolls of enchant weapon
 F - a scroll of recharging
 S - 2 scrolls of magic mapping
 X - a scroll of fear
Potions
 o - 3 potions of brilliance
 s - a potion of heal wounds
 v - 4 potions of invisibility
 D - 3 potions of agility
 G - 5 potions of curing
 O - a potion of cure mutation
 R - 3 potions of magic
 U - a potion of cancellation {unknown}
 V - a potion of lignification {unknown}
 W - a potion of resistance {unknown}
 Z - 2 potions of flight {unknown}
Miscellaneous
 C - a fan of gales
Comestibles
 e - 7 bread rations
 x - a slice of pizza
 I - 5 meat rations
 Q - 14 fruits


   Skills:
 + Level 9.8 Fighting
 + Level 12.5 Long Blades
 + Level 9.9 Armour
 + Level 10.9 Shields
 + Level 10.0 Invocations


You had 12 spell levels left.
You didn't know any spells.

Dungeon Overview and Level Annotations

Branches:
Dungeon (12/15)            Temple (1/1) D:5            Lair (3/8) D:8
  Snake (0/4) Lair:3          Orc (0/4) D:12
  Swamp: Lair:3-6    Shoals: Lair:3-6

Altars:
Ashenzari
Cheibriados
Dithmenos
Elyvilon
Fedhas
Gozag
Kikubaaqudgha
Makhleb
Nemelex Xobeh
Okawaru
Qazlal
Ru
Sif Muna
Trog
Vehumet
Xom
Yredelemnul
Zin
The Shining One

Shops:
D:8 }   D:10 [   D:11 (

Annotations:
D:10 Blork the orc


Innate Abilities, Weirdness & Mutations

You are under a permanent stasis effect.
You can dig through walls and to a lower floor.
Your four strong arms can wield two-handed weapons with a shield.
You have a pair of large antennae on your head (SInv).
You have a somewhat thin skeletal structure (Dex +2, Stealth).


Message History

You hit the minotaur but do no damage. You hit the minotaur but do no damage.
You block the minotaur's attack. The minotaur barely misses you.
You slash the minotaur!
The minotaur is moderately wounded.
The minotaur hits you with an uncursed demon blade of electrocution!!
You block the minotaur's attack.
Your plate armour prevents you from hitting the minotaur.
The minotaur is moderately wounded.
You block the minotaur's attack.
The minotaur gores you but does no damage.
You hit the minotaur but do no damage.
The minotaur is moderately wounded.
The minotaur hits you with an uncursed demon blade of electrocution!!
You block the minotaur's attack.
Drink which item? (? for menu, Esc to quit)
Okay, then.
A demon appears!
You feel slightly more hungry.
The minotaur hits you with an uncursed demon blade of electrocution!!
You die...

. ## .. #. . # #
# # ### ..#. ...
#.# . ###.##
###.# ...... #.
#.#...# ###
...........#####
...#.#### ##
#.....# # .#.#
:8H8.8#@### # #
....#
......H3..# #
#.# |8[8.8#.#.#
#. ########.#.#
.... .....# #
#.... #...#.
.#... .. .#.
##.#.#.###.## .
.#.. ...#... ...
# # # #### ###
#.


You could see a minotaur and a friendly ynoxinul.

Vanquished Creatures
  A hydra (Lair:2)
  The ghost of asdu the Cleaver, a novice HONe of Makhleb (D:12)
  7 hill giants
  2 cyclopes
  3 ugly things
  A manticore (D:12)
  The ghost of George the Slasher, a novice FoFi (D:4)
  A spiny frog (Lair:2)
  2 komodo dragons
  2 trolls
  A two-headed ogre (D:12)
  A blink frog (Lair:3)
  A trapdoor spider zombie (D:7)
  Sigmund (D:2)
  A deep elf mage (D:12)
  2 slime creatures (D:12)
  A shadow (D:11)
  2 hippogriffs
  17 yaks
  A basilisk (Lair:2)
  4 hungry ghosts
  The ghost of Duffy the Digger, an amateur FoEE (D:3)
  An orc warrior (D:7)
  10 ogres
  2 sky beasts
  A swamp drake (D:8)
  3 ice beasts
  A necrophage (D:11)
  4 porcupines
  5 water moccasins
  An eye of draining (D:12)
  5 crocodiles
  3 phantoms
  10 centaurs
  3 big kobolds
  6 giant frogs
  A wyvern zombie (D:7)
  A wyvern skeleton (D:6)
  2 troll zombies (D:12)
  11 killer bees
  8 wights
  A scorpion (D:7)
  A quasit (D:9)
  An electric eel (Lair:1)
  A centaur zombie (D:7)
  A giant frog zombie (D:6)
  11 iguanas
  2 centaur skeletons
  A wasp zombie (D:7)
  2 jellies (D:5)
  3 orc priests
  Ijyb (D:2)
  4 crimson imps
  7 hounds
  6 orc wizards
  6 giant frog skeletons
  2 worker ants
  6 ogre zombies (D:12)
  8 mummies (Ossuary)
  Robin (D:2)
  7 adders
  5 shadow imps
  An ooze (D:5)
  An adder zombie (D:9)
  5 worms
  An adder skeleton (D:9)
  23 orcs
  A ball python (D:3)
  7 bats
  A gnoll zombie (Ossuary)
  6 hobgoblins
  23 jackals
  19 kobolds
  4 quokkas
  5 giant cockroaches
  8 giant geckos
  2 giant gecko skeletons
  5 giant newts
  16 goblins
  3 goblin skeletons (D:12)
  2 goblin zombies (D:12)
  A hobgoblin skeleton (D:12)
  7 hobgoblin zombies
  A jackal skeleton (D:4)
  2 kobold zombies (Ossuary)
  3 orc skeletons (D:12)
  14 orc zombies
  A quokka zombie (D:7)
  6 rats
  A fungus (Lair:2)
378 creatures vanquished.

Vanquished Creatures (others)
  A giant frog (D:7)
  An orc wizard (D:8)
2 creatures vanquished.

Grand Total: 380 creatures vanquished

Notes
Turn   | Place    | Note
--------------------------------------------------------------
     0 | D:1      | George the Formicid Fighter began the quest for the Orb.
     0 | D:1      | Reached XP level 1. HP: 18/18 MP: 1/1
   185 | D:1      | Reached XP level 2. HP: 21/24 MP: 2/2
   563 | D:1      | Reached XP level 3. HP: 29/29 MP: 3/3
   787 | D:2      | Noticed Sigmund
   809 | D:2      | Killed Sigmund
   809 | D:2      | Reached skill level 5 in Long Blades
   809 | D:2      | Reached XP level 4. HP: 20/35 MP: 4/4
   809 | D:2      | Reached XP level 5. HP: 23/41 MP: 5/5
   976 | D:2      | Noticed Ijyb
   991 | D:2      | Killed Ijyb
   991 | D:2      | Reached XP level 6. HP: 9/47 MP: 6/6
  1241 | D:2      | Reached skill level 6 in Long Blades
  1255 | D:2      | Identified the Tome of Bewitching Earth
  1572 | D:2      | Found a stormy altar of Qazlal.
  1599 | D:2      | Noticed Robin
  1631 | D:2      | Killed Robin
  1848 | D:2      | Found an ancient bone altar of Kikubaaqudgha.
  2100 | D:3      | Found a radiant altar of Vehumet.
  2483 | D:3      | Noticed Duffy's ghost (amateur FoEE)
  2532 | D:3      | Killed Duffy's ghost
  2532 | D:3      | Reached skill level 7 in Long Blades
  2532 | D:3      | Reached XP level 7. HP: 42/52 MP: 7/7
  2853 | D:4      | Found a glowing golden altar of the Shining One.
  2857 | D:4      | Found a radiant altar of Vehumet.
  2862 | D:4      | Found a snail-covered altar of Cheibriados.
  2905 | D:4      | Noticed George's ghost (novice FoFi)
  3254 | D:4      | Killed George's ghost
  3254 | D:4      | Reached skill level 8 in Long Blades
  3254 | D:4      | Reached XP level 8. HP: 12/58 MP: 8/8
  3418 | D:4      | Found a glowing silver altar of Zin.
  3418 | D:4      | Found a shimmering altar of Xom.
  3418 | D:4      | Noticed an angel
  3597 | D:4      | Reached skill level 9 in Long Blades
  3867 | D:4      | Found a shimmering altar of Xom.
  4023 | D:5      | Entered Level 5 of the Dungeon
  4609 | D:5      | Found a staircase to the Ecumenical Temple.
  4628 | Temple   | Entered the Ecumenical Temple
  4747 | Temple   | Became a worshipper of Makhleb the Destroyer
  4936 | D:5      | Reached skill level 1 in Invocations
  5439 | D:6      | Reached skill level 10 in Long Blades
  5439 | D:6      | Reached XP level 9. HP: 48/65 MP: 10/10
  5497 | D:6      | Found a sand-covered staircase.
  5700 | Ossuary  | Entered an ossuary
  5762 | Ossuary  | Reached * piety under Makhleb
  6348 | D:6      | Reached skill level 5 in Shields
  6793 | D:7      | Noticed a hill giant
  6794 | D:7      | Reached skill level 5 in Armour
  6797 | D:7      | Noticed a cyclops
  6804 | D:7      | Killed a hill giant
  6804 | D:7      | Reached ** piety under Makhleb
  6804 | D:7      | Reached skill level 5 in Fighting
  6804 | D:7      | Reached XP level 10. HP: 33/74 MP: 13/13
  7136 | D:7      | Noticed a brown ugly thing
  7160 | D:7      | Reached skill level 5 in Invocations
  7174 | D:7      | HP: 1/74 [acid (7)]
  7181 | D:7      | Killed a brown ugly thing
  7467 | D:7      | Killed a cyclops
  8272 | D:8      | Reached skill level 11 in Long Blades
  8626 | D:8      | Found Xalydu Yquha's Gadget Emporium.
  8922 | D:8      | Reached XP level 11. HP: 81/83 MP: 15/15
  8943 | D:8      | Reached *** piety under Makhleb
  9096 | D:8      | Found a staircase to the Lair.
  9349 | D:8      | Found a blossoming altar of Fedhas.
 10081 | D:9      | Found a blossoming altar of Fedhas.
 10378 | D:10     | Entered Level 10 of the Dungeon
 10465 | D:10     | Found Vaogut Kafu's Armour Boutique.
 10475 | D:10     | Reached **** piety under Makhleb
 10572 | D:10     | Noticed a hill giant
 10585 | D:10     | Killed a hill giant
 10614 | D:10     | Noticed a hill giant
 10630 | D:10     | Killed a hill giant
 10870 | D:10     | Noticed a hill giant
 10885 | D:10     | Killed a hill giant
 11074 | D:10     | Noticed Blork the orc
 11082 | D:10     | Found a deep blue altar of Sif Muna.
 11378 | D:11     | Found Kudali's Weapon Shoppe.
 11378 | D:11     | Noticed a hill giant
 11388 | D:11     | Killed a hill giant
 11862 | D:11     | You fall through a shaft!
 11862 | D:12     | Noticed a hill giant
 11870 | D:12     | Killed a hill giant
 11915 | D:12     | Got a dazzling rapier
 11916 | D:12     | Identified the +8 rapier "Xiakex" {pierce, rPois Dex+3} (You found it on level 12 of the Dungeon)
 11931 | D:12     | Noticed a green ugly thing
 11942 | D:12     | Killed a green ugly thing
 11942 | D:12     | Reached XP level 12. HP: 92/94 MP: 18/18
 12028 | D:12     | Reached ***** piety under Makhleb
 12032 | D:12     | Found a staircase to the Orcish Mines.
 12371 | D:12     | Reached skill level 12 in Long Blades
 12390 | D:12     | Identified the Almanac of Absolutism
 12396 | D:12     | Gained mutation: You have a somewhat thin skeletal structure (Dex +2, Stealth). [potion of beneficial mutation]
 12422 | D:12     | Reached skill level 10 in Shields
 12581 | D:12     | Noticed asdu's ghost (novice HONe)
 12643 | D:12     | Killed asdu's ghost
 13282 | Lair:1   | Entered Level 1 of the Lair of Beasts
 13613 | Lair:1   | Reached ****** piety under Makhleb
 14040 | Lair:2   | Noticed a seven-headed hydra
 14050 | Lair:2   | Killed a seven-headed hydra
 14050 | Lair:2   | Reached XP level 13. HP: 98/101 MP: 20/20
 14830 | Lair:3   | Reached skill level 10 in Invocations
 14905 | Lair:3   | Found a staircase to the Snake Pit.
 14918 | Lair:3   | Found a labyrinth entrance.
 14940 | Lab      | Entered a labyrinth
 15180 | Lab      | Noticed a minotaur
 15191 | Lab      | Slain by a minotaur

Vault maps used:
D:1:      scummos_arrival_simple_fountains, serial_bayou_pond_e,
          minmay_close_crescents
D:2:      grunt_qazlal_clouds, nicolae_overflow_hidden_temple, first_bread,
          minivault_5, uniq_sigmund, uniq_iyjb, uniq_robin
D:3:      vehumet_altar_wand_db
D:4:      grunt_temple_overflow_order_and_chaos_1,
          minmay_overflow_temple_star_quad, lemuel_tele_altar
D:5:      temple_fountains
D:6:      enter_ossuary_5
D:7:      hangedman_cross_stitches
D:8:      erik_lair_dragon, serial_shops, shop, hangedman_tree_tricks
D:9:      basic_altar
D:10:     serial_shops, kennysheep_mini, minmay_misc_feat_hallway, tgw_sif
D:11:     serial_shops, kennysheep_mini_moat, shop, shop
D:12:     zombieorc2_lemuel
Temple:   eino_narrow_crystal_temple_b_12
Lair:1:   grunt_megastairs_3, infiniplex_staircase_pool
Lair:3:   dummy_snake_entry, lab_entry_generic, uniq_nergalle, uniq_gastronok
Lab:      nicolae_lab_dead_adventurers, nicolae_lab_lava
Ossuary:  ossuary_tomb_3

Action                   |  1- 3 |  4- 6 |  7- 9 | 10-12 | 13-15 || total
-------------------------+-------+-------+-------+-------+-------++-------
Melee: Long sword        |   101 |    40 |       |       |       ||   141
       Great sword       |       |   132 |   322 |   897 |    76 ||  1427
       Rapier            |       |       |       |     5 |       ||     5
Invok: Lesser Servant of |       |       |       |       |     1 ||     1
 Abil: Dig               |       |     1 |       |     1 |     4 ||     6
Evoke: Wand              |       |     4 |     4 |    15 |       ||    23
  Use: Potion            |       |     1 |     1 |     5 |       ||     7
       Scroll            |       |       |    14 |    10 |     2 ||    26
  Eat: Chunk             |       |     6 |    12 |    35 |     3 ||    56
       Pizza             |       |       |     1 |       |       ||     1
       Bread ration      |       |       |       |     1 |       ||     1
       Beef jerky        |       |       |       |     1 |       ||     1
       Fruit             |       |       |       |     3 |       ||     3
       Royal jelly       |       |       |       |     1 |       ||     1
